 Dungeon Crawl Stone Soup version 0.28-a0-445-g51f8dfeb47 (webtiles) character file.

Game seed: 2792796924716379446

34 Morbidden the Firebug (level 3, -1/27 HPs)
             Began as a Demigod Fire Elementalist on Sept 12, 2021.
             Slain by an adder (2 damage)
             ... on level 1 of the Dungeon.
             The game lasted 00:02:05 (1552 turns).

Morbidden the Firebug (Demigod Fire Elementalist)   Turns: 1552, Time: 00:02:05

Health: -1/27      AC:  4    Str:  9    XL:     3   Next: 1%
Magic:  0/8        EV: 11    Int: 21    God:
Gold:   35         SH:  0    Dex: 14    Spells: 3/6 levels left

rFire   . . .      SeeInvis .   (no weapon)
rCold   . . .      Faith    .   (no shield)
rNeg    . . .      Spirit   .   c - +0 leather armour
rPois   .          Reflect  .   b - +0 helmet
rElec   .          Harm     .   (no cloak)
rCorr   .          Rampage  .   (no gloves)
Will    .....                   (no boots)
Stlth   ++........              (no amulet)
HPRegen 0.09/turn               (no ring)
MPRegen 0.11/turn               (no ring)

@: lethally poisoned (-1 -> -4)
A: high mp 1, forlorn
a: no special abilities


You were on level 1 of the Dungeon.
You visited 1 branch of the dungeon, and saw 2 of its levels.

You collected 35 gold pieces.

Inventory:

Armour
 b - a +0 helmet (worn)
 c - a +0 leather armour (worn)


   Skills:
 * Level 0.4 Fighting
 + Level 1.8 Dodging
 + Level 1.8 Stealth
 * Level 2.0 Spellcasting
 * Level 1.1 Conjurations
 * Level 3.4 Fire Magic


You had 3 spell levels left.
You knew the following spells:

 Your Spells              Type           Power      Damage    Failure   Level
a - Foxfire               Conj/Fire      44%        2x1d6     8%          1
b - Scorch                Fire           32%        2d7       8%          2

Your spell library contained the following spells:

 Spells                   Type           Power      Damage    Failure   Level
 Conjure Flame            Conj/Fire      11%        6-21      24%         3
 Inner Flame              Hex/Fire       9%         N/A       30%         3
 Flame Wave               Conj/Fire      11%        3d4       61%         4


Dungeon Overview and Level Annotations

Branches:
Dungeon (2/15)


Innate Abilities, Weirdness & Mutations

Your attributes grow dramatically as you level up.
You have an increased reservoir of magic. (+10% MP)
You shall have no god before yourself.


Message History

Unknown command.
Casting: Foxfire (safe; 8% risk of failure)
Confirm with . or Enter, or press ? or * to list all spells.
You conjure some foxfire!
The foxfire hits the adder but does no damage.
The adder is severely wounded.
The foxfire hits the adder.
The adder is lightly wounded.
The adder completely misses you.
The adder bites you but does no damage. x2
The adder misses you.
Unknown command.
Unknown command.
Unknown command.
Unknown command.
Unknown command.
Unknown command.
The foxfire hits the adder.
The adder is lightly wounded.
The foxfire hits the adder.
The adder is almost dead.
The adder bites you.
You are poisoned.
The adder poisons you!
Unknown command.
Unknown command.
* * * LOW HITPOINT WARNING * * *
You feel sick.
Casting: Foxfire (safe; 8% risk of failure)
Confirm with . or Enter, or press ? or * to list all spells.
You conjure some foxfire!
You feel sick. The adder bites you but does no damage.
The adder closely misses you.
Unknown command.
Unknown command.
Your foxfire dissipates!
You feel sick.
The foxfire hits the adder.
The adder is severely wounded.
The adder bites you.
* * * LOW HITPOINT WARNING * * *
The adder bites you.
You die...

##.....###.###...............##.#
#.....# #.###...................
#.....# #..##..........#..^.##.#
#.....####.###.........#....##.#
#.....+..........._.............
#.....#####.##..#.######....##.#
#.....# #..#..#.######........
#.....######+#..#.#.............
##.##.#........@#.######........
#.##.#.......SS#.######...###.#
###.##.#......................[..
....##.#.......>.................
.##.##.#.......###.######...###.#
.##.##.#............# #........
.....).#............# ##..###[#
.#####.#............######..###.#
....##.#..........(.+............


You could see 2 adders.

Vanquished Creatures
  A gnoll (D:1)
  3 endoplasms (D:1)
  A giant cockroach (D:1)
  3 hobgoblins
  3 kobolds (D:1)
  2 quokkas
  2 ball pythons
  4 bats (D:1)
  3 frilled lizards (D:1)
22 creatures vanquished.

Vanquished Creatures (others)
  69 foxfires
69 creatures vanquished.

Grand Total: 91 creatures vanquished

Notes
Turn   | Place    | Note
-------+----------+-------------------------------------------
     0 | D:1      | Morbidden the Demigod Fire Elementalist began the quest for
                  | the Orb.
     0 | D:1      | Reached XP level 1. HP: 14/14 MP: 5/5
   117 | D:1      | Reached skill level 3 in Fire Magic
   411 | D:1      | Reached XP level 2. HP: 20/20 MP: 5/7
   667 | D:1      | Reached skill level 1 in Conjurations
   670 | D:1      | Learned a level 2 spell: Scorch
  1516 | D:2      | Reached XP level 3. HP: 20/27 MP: 1/8
  1552 | D:1      | HP: 1/27 [adder (4)]
  1552 | D:1      | Slain by an adder

Illustrated notes

Levels and vault maps discovered:
D:1:      scummos_arrival_simple_fountains, layout_basic, serial_glass,
          glass_columns_c, glass_columns_a, basic_ecumenical_altar
D:2:      layout_basic, minmay_gold_behind_fungi, minmay_circle_x

Skill      XL: |  1  2 |
---------------+-------+-----
Fire Magic     | 3 |  3.4
Spellcasting   | 2 |  2.0
Conjurations   | 1 |  1.1
Fighting       | |  0.4
Dodging        | |  1.8
Stealth        | |  1.8

Action                   || total
-------------------------++-------
Melee: Unarmed           ||     1
 Cast: Foxfire           ||    43
       Scorch            ||     4
  Use: Scroll            ||     1
       Potion            ||     1
Armor: Leather armour    ||     9
       Robe              ||     1
Dodge: Dodged            ||    30

Table legend: (Time is in decaauts)
 A = Elapsed time spent in this place.
 B = Non-inter-level travel time spent in this place.
 C = Inter-level travel time spent in this place.
 D = Time resting spent in this place.
 E = Time spent auto-exploring this place.
 F = Levels seen in this place.
 G = Mean time per level.
                   A        B        C        D        E       F      G
               +--------+--------+--------+--------+--------+-----+--------+
         Total |   1552 |   1529 |     23 |    251 |   1031 |   2 |  776.0 |
       Dungeon |   1552 |   1529 |     23 |    251 |   1031 |   2 |  776.0 |
               +--------+--------+--------+--------+--------+-----+--------+

Top non-repeatable levels by time:
     D:1: 1458 daAuts
     D:2: 93 daAuts
